 Dungeon Crawl Stone Soup version 0.27-a0-287-gd4424db430 (webtiles) character file.

Game seed: 9835109028588576101

2620 Anon1729 the Scratcher (level 9, -4/40 HPs)
             Began as a Felid Transmuter on Feb 8, 2021.
             Was a Priest of Fedhas.
             Slain by a killer bee (10 damage)
             ... on level 8 of the Dungeon.
             The game lasted 00:23:56 (14192 turns).

Anon1729 the Scratcher (Felid Transmuter)          Turns: 14192, Time: 00:23:56

Health: -4/40      AC:  2    Str:  6    XL:     9   Next: 34%
Magic:  15/17      EV: 21    Int: 18    God:    Fedhas [***...]
Gold:   568        SH:  0    Dex: 16    Spells: 6/17 levels left
                                        Lives:  0   Deaths: 2

rFire    . . .     SeeInvis +     - Unarmed
rCold    . . .     Faith    .   (shield unavailable)
rNeg     . . .     Spirit   .   (armour unavailable)
rPois    .         Reflect  .   (helmet unavailable)
rElec    .         Harm     .   (cloak unavailable)
rCorr    .         Rampage  .   (gloves unavailable)
Will     +....                  (boots unavailable)
Stlth    ++........             (no amulet)
HPRegen  0.13/turn              (no ring)
MPRegen  0.15/turn              (no ring)

@: quick
A: very small, no armour, no weapons or thrown items, stealth, claws 1, fangs 3,
see invisible, speed 1, shaggy fur 2, subdued magic 1, sharp paws
a: Renounce Religion, Wall of Briars, Grow Ballistomycete


You were on level 8 of the Dungeon.
You worshipped Fedhas.
Fedhas was most pleased with you.
You visited 2 branches of the dungeon, and saw 9 of its levels.
You also visited: Sewer.

You collected 620 gold pieces.
You spent 52 gold pieces at shops.

Inventory:

Jewellery
 i - an uncursed amulet of guardian spirit
 j - an uncursed amulet of faith
 u - a +6 ring of dexterity {unknown}
 z - an uncursed amulet of regeneration {unknown}
Wands
 g - a wand of random effects (10)
 o - a wand of flame (18)
 v - a wand of polymorph (10)
Scrolls
 a - a scroll of enchant armour
 b - a scroll of fear {unknown}
 c - 4 scrolls of remove curse
 d - 4 scrolls of fog {unknown}
 f - 7 scrolls of teleportation
 h - 3 scrolls of magic mapping {unknown}
 k - a scroll of blinking {unknown}
 l - 2 scrolls of enchant weapon {unknown}
 r - a scroll of immolation {unknown}
 s - 2 scrolls of amnesia {unknown}
 t - 2 scrolls of noise {unknown}
 y - a scroll of identify
Potions
 e - a potion of might
 m - 2 potions of brilliance
 n - 2 potions of mutation
 p - 2 potions of attraction {unknown}
 q - 5 potions of curing
 w - a potion of cancellation {unknown}
 x - a potion of degeneration {unknown}


   Skills:
 + Level 4.9 Fighting
 - Level 6.0 Dodging
 * Level 7.8 Unarmed Combat
 + Level 4.8 Spellcasting
 * Level 6.7 Transmutations
 + Level 3.4 Poison Magic
 + Level 4.0 Invocations


You had 6 spell levels left.
You knew the following spells:

 Your Spells              Type           Power        Failure   Level
a - Beastly Appendage     Tmut           42%          1%          1
b - Wereblood             Tmut           21%          1%          2
c - Spider Form           Tmut/Pois      8%           3%          3
d - Blade Hands           Tmut           10%          21%         5

Your spell library contained the following spells:

 Spells                   Type           Power        Failure   Level
 Ice Form                 Ice/Tmut       12%          30%         4


Dungeon Overview and Level Annotations

Branches:
Dungeon (8/15)             Temple (1/1) D:4           Sewer (visited)
   Lair: D:8-11

Altars:
Ashenzari
Cheibriados
Dithmenos
Elyvilon
Fedhas
Gozag
Hepliaklqana
Kikubaaqudgha
Makhleb
Nemelex Xobeh
Okawaru
Qazlal
Ru
Sif Muna
Trog
Uskayaw
Vehumet
Wu Jian
Xom
Yredelemnul
Zin
The Shining One

Shops:
D:6 *   D:7 =

Annotations:
D:4 3 runed translucent doors, MartinH's ghost, amateur OpTm


Innate Abilities, Weirdness & Mutations

You cannot wear armour.
You are incapable of wielding weapons or throwing items.
Your paws allow you to move quietly. (Stealth)
You have sharp claws.
You have razor-sharp teeth.
You have supernaturally acute eyesight. (SInv)
You cover ground quickly.
You are covered in thick fur. (AC +2)
Your sharp claws are effective at attacking unaware monsters.
Your spells are a little easier to cast, but a little less powerful.


Message History

The killer bee stings you!
A killer bee comes into view.
The killer bee stings you! The kobold brigand hits you!
The killer bee moves out of view.
The killer bee misses you.
You closely miss the killer bee. The killer bee stings you.
The killer bee completely misses you.
You hit the killer bee but do no damage.
The killer bee is poisoned.
The killer bee stings you!
* * * LOW HITPOINT WARNING * * *
You are lethally poisoned!
The killer bee poisons you!
You feel better.
Your transformation is almost over.
The killer bee barely misses you. The killer bee stings you!
* * * LOW HITPOINT WARNING * * *
Your transformation has ended.
The killer bee stings you!
You die...
Fedhas appreciates your contribution to the ecosystem.

##...###.รท.....##
###...####....#....
##Y.....##......#....
##...##............ .##
##...####........####..#
.Y#..# #......$###...#
.###.# ##.............
## #.## #..##......?..
.# ##.# ##.###^@..#####
.# #.####.## ##y### .#
#......# #KK......
.####......# #yy[..##.
(#...#####..# #...###
)(..## ###........
(#...# ##.....#. .#.###
..####. .### ##.. #.


You could see a kobold brigand, 3 killer bees and a kobold.

Vanquished Creatures
  2 humans (D:7)
  Menkaure (D:4)
  A black bear (D:8)
  A sky beast (D:5)
  An ice beast (D:7)
  An ogre (D:4)
  2 centaurs
  A phantom (D:4)
  A kobold brigand (D:8)
  Blork the orc (D:5)
  5 bullfrogs
  4 scorpions
  10 wights (D:7)
  A howler monkey (D:5)
  2 bullfrog skeletons
  4 hounds
  A jelly (D:8)
  4 orc priests
  Ijyb (D:5)
  5 orc wizards
  9 worker ants
  2 howler monkey zombies
  4 gnolls
  A howler monkey skeleton (D:7)
  14 adders
  4 white imps
  4 oozes (D:1)
  5 worms
  2 dart slugs
  10 leopard geckos
  26 orcs
  A ball python (Sewer)
  8 bats
  14 giant cockroaches
  5 hobgoblins
  5 jackals (D:1)
  3 quokkas
  10 frilled lizards
  6 goblins
  12 kobolds
  A quokka skeleton (D:4)
  14 rats
209 creatures vanquished.

Notes
Turn   | Place    | Note
-------+----------+-------------------------------------------
     0 | D:1      | Anon1729 the Felid Transmuter began the quest for the Orb.
     0 | D:1      | Reached XP level 1. HP: 9/9 MP: 4/4
   129 | D:1      | Reached XP level 2. HP: 8/12 MP: 3/6
   210 | D:1      | Learned a level 2 spell: Wereblood
   456 | D:1      | Reached XP level 3. HP: 8/15 MP: 7/7
  2391 | D:2      | Learned a level 3 spell: Spider Form
  2649 | D:2      | Reached XP level 4. HP: 17/19 MP: 4/8
  3077 | D:2      | Slain by an adder
  3078 | D:2      | Reached XP level 3. HP: -1/15 MP: 7/7
  3347 | D:3      | Reached skill level 4 in Unarmed Combat
  3466 | D:2      | Reached XP level 4. HP: 7/19 MP: 0/8
  3837 | D:3      | Reached XP level 5. HP: 20/22 MP: 8/10
  3915 | D:3      | Noticed a centaur
  3932 | D:3      | Killed a centaur
  4446 | D:3      | Noticed a moth of wrath
  4448 | D:3      | Found a bloodstained altar of Trog.
  4837 | D:3      | Gained mutation: You are covered in thick fur. (AC +2)
                  | [Felid growth]
  4837 | D:3      | Reached XP level 6. HP: 17/27 MP: 5/11
  5158 | D:3      | Found a hide-covered altar of Uskayaw.
  5164 | D:3      | Found a blossoming altar of Fedhas.
  5225 | D:3      | Found a broken altar of Ashenzari.
  5225 | D:3      | Found a radiant altar of Vehumet.
  5226 | D:3      | Found a basalt altar of Yredelemnul.
  5227 | D:3      | Found a white marble altar of Elyvilon.
  5228 | D:3      | Found a snail-covered altar of Cheibriados.
  5229 | D:3      | Found a sparkling altar of Nemelex Xobeh.
  5230 | D:3      | Found a shimmering altar of Xom.
  5248 | D:3      | Became a worshipper of Fedhas Madash
  5484 | D:3      | Reached skill level 5 in Unarmed Combat
  5779 | D:4      | Noticed Menkaure
  5780 | D:4      | Found a glowing drain.
  5790 | Sewer    | Entered a sewer
  6077 | Sewer    | Reached * piety under Fedhas
  6788 | D:4      | Found a staircase to the Ecumenical Temple.
  6807 | Temple   | Entered the Ecumenical Temple
  7067 | D:4      | Reached skill level 1 in Poison Magic
  7067 | D:4      | Reached skill level 1 in Invocations
  7067 | D:4      | Reached XP level 7. HP: 26/30 MP: 7/13
  7356 | Temple   | Learned a level 5 spell: Blade Hands
  7586 | D:4      | Killed Menkaure
  7937 | D:4      | Found a runed translucent gate.
  7937 | D:4      | Found an opulent altar of Gozag.
  7938 | D:4      | Found a runed translucent gate.
  7938 | D:4      | Found a runed translucent gate.
  7938 | D:4      | Noticed a hornet
  7939 | D:4      | Noticed MartinH's ghost (amateur OpTm)
  8032 | D:5      | Entered Level 5 of the Dungeon
  8145 | D:5      | Reached skill level 5 in Dodging
  8386 | D:5      | Gained mutation: Your spells are a little easier to cast,
                  | but a little less powerful. [mutagenic glow]
  8998 | D:5      | Reached skill level 6 in Unarmed Combat
  8998 | D:5      | Reached XP level 8. HP: 11/34 MP: 7/14
  9015 | D:5      | Slain by an orc priest
  9016 | D:5      | Reached XP level 7. HP: -4/31 MP: 0/13
  9168 | D:5      | Noticed Blork the orc
  9178 | D:5      | Noticed Ijyb
  9182 | D:5      | Killed Blork the orc
  9182 | D:5      | Reached ** piety under Fedhas
  9200 | D:5      | Killed Ijyb
 10113 | D:6      | Found Cagucane's Assorted Antiques.
 10160 | D:6      | Bought a scroll labelled URROUGAURUKK for 18 gold pieces
 10160 | D:6      | Bought a scroll labelled URROUGAURUKK for 18 gold pieces
 10160 | D:6      | Bought a yellow potion for 16 gold pieces
 10184 | D:6      | Reached skill level 5 in Transmutations
 10184 | D:6      | Reached XP level 8. HP: 34/36 MP: 10/15
 11222 | D:7      | Found an iron altar of Okawaru.
 11393 | D:7      | Found Qapry's Jewellery Shop.
 11413 | D:7      | Reached skill level 7 in Unarmed Combat
 11888 | D:7      | Reached *** piety under Fedhas
 11943 | D:7      | Reached XP level 9. HP: 16/37 MP: 14/16
 13578 | D:8      | Found a sacrificial altar of Ru.
 14192 | D:8      | Slain by a killer bee

Illustrated notes

Levels and vault maps discovered:
D:1:      lemuel_arrival_broad_hall, layout_basic, serial_bayou_pond_d
D:2:      kennysheep_big_flooded_room, layout_loops_ring, st_stairs_9
D:3:      layout_loops_corners, tgw_trog, minitemple
D:4:      layout_cave_pools, temple_pool_b, cheibrodos_sewer_entry_sluice,
          ebering_ghost_gozag, uniq_menkaure
D:5:      layout_loops_ring, uniq_ijyb, uniq_blork_the_orc
D:6:      layout_cave_pools, serial_shops, nicolae_shop_waterfront,
          serial_glass, glass_columns_b, glass_columns_c,
          roderic_serpentine_path
D:7:      layout_rooms, okawaru_humans, serial_shops, kennysheep_mini
D:8:      layout_layer_cave, nicolae_ru_sacrificial_ziggurat, uniq_pikel
Temple:   zaba_magenta_temple

Skill      XL: |  1  2  3  4  5  6  7  8  9 |
---------------+----------------------------+-----
Dodging        | 3 4 5 6 |  6.0
Unarmed Combat | 4 5 6 7 |  7.8
Transmutations | 3 5 6 |  6.7
Fighting       | 2 3 4 |  4.9
Spellcasting   | 3 4 |  4.8
Poison Magic   | 1 2 3 |  3.4
Invocations    | 1 2 3 4 |  4.0

Action                   |  1- 3 |  4- 6 |  7- 9 || total
-------------------------+-------+-------+-------++-------
Melee: Unarmed           |   144 |   207 |   432 ||   783
       Bite              |    11 |    10 |    16 ||    37
       Headbutt          |    15 |     9 |     8 ||    32
       Punch             |     3 |       |     6 ||     9
 Cast: Beastly Appendage |    20 |    18 |     7 ||    45
       Wereblood         |     1 |     1 |       ||     2
       Spider Form       |     3 |    17 |    27 ||    47
       Blade Hands       |       |       |    10 ||    10
Invok: Wall of Briars    |       |       |     1 ||     1
 Abil: End Transformatio |       |     1 |     1 ||     2
Evoke: Wand              |       |       |     1 ||     1
  Use: Potion            |     2 |     3 |     1 ||     6
       Scroll            |       |     5 |     2 ||     7
 Stab: Sleeping          |     4 |     1 |       ||     5
       Confused          |       |       |     7 ||     7
Armor: Skin              |     2 |    12 |    20 ||    34
Dodge: Dodged            |   123 |   191 |   410 ||   724

Table legend: (Time is in decaauts)
 A = Elapsed time spent in this place.
 B = Non-inter-level travel time spent in this place.
 C = Inter-level travel time spent in this place.
 D = Time resting spent in this place.
 E = Time spent auto-exploring this place.
 F = Levels seen in this place.
 G = Mean time per level.
                   A        B        C        D        E       F      G
               +--------+--------+--------+--------+--------+-----+--------+
         Total |  13122 |  12842 |    280 |   3362 |   7295 |  10 | 1312.2 |
       Dungeon |  11418 |  11153 |    265 |   2496 |   6703 |   8 | 1427.2 |
        Temple |    715 |    701 |     14 |    639 |     43 |   1 |  715.0 |
         Sewer |    988 |    988 |      0 |    227 |    549 |   1 |  988.0 |
               +--------+--------+--------+--------+--------+-----+--------+

Top non-repeatable levels by time:
     D:1: 2234 daAuts
     D:3: 1893 daAuts
     D:6: 1507 daAuts
     D:7: 1395 daAuts
     D:5: 1392 daAuts
     D:2: 1072 daAuts
     D:8: 1046 daAuts
   Sewer: 988 daAuts
     D:4: 876 daAuts
  Temple: 715 daAuts
